 Dungeon Crawl Stone Soup version 0.23-a0-182-g58cdd98 (webtiles) character file.

45 namelastname112 the Sneak (level 3, -3/30 HPs)
             Began as a Draconian Assassin on Sept 20, 2018.
             Slain by a worm (12 damage)
             ... on level 2 of the Dungeon.
             The game lasted 00:01:47 (872 turns).

namelastname112 the Sneak (Draconian Assassin)       Turns: 872, Time: 00:01:48

Health: -3/30      AC:  7    Str: 13    XL:     3   Next: 42%
Magic:  3/3        EV: 12    Int: 11    God:
Gold:   27         SH:  0    Dex: 13    Spells: 2/2 levels left

rFire    . . .     SeeInvis .   a - +2 dagger
rCold    . . .     Gourm    .   (no shield)
rNeg     . . .     Faith    .   (armour unavailable)
rPois    .         Spirit   .   (helmet restricted)
rElec    .         Reflect  .   c - +0 cloak
rCorr    .         Harm     .   (no gloves)
MR       .....                  k - +0 pair of boots
Stlth    ++........             (no amulet)
HPRegen  0.10/turn              (no ring)
MPRegen  0.08/turn              (no ring)

@: lethally poisoned (-3 -> -4)
A: unfitting armour, cold-blooded, AC +5
a: no special abilities


You were on level 2 of the Dungeon.
You were not hungry.

You visited 1 branch of the dungeon, and saw 2 of its levels.

You collected 27 gold pieces.

Inventory:

Hand Weapons
 a - a +2 dagger (weapon)
 b - a +0 blowgun
Missiles
 d - 8 poisoned needles
 e - 2 curare-tipped needles
Armour
 c - a +0 cloak (worn)
 k - a +0 pair of boots (worn)
Scrolls
 h - 3 scrolls of identify
Potions
 g - a potion of agility
 i - a potion of lignification
 j - a potion of curing
 l - a potion of cancellation {unknown}
Comestibles
 f - 7 rations


   Skills:
 + Level 2.6 Fighting
 * Level 2.8 Short Blades
 - Level 1.7 Throwing
 + Level 1.5 Dodging
 + Level 3.9 Stealth


You had 2 spell levels left.
You didn't know any spells.
Your spell library was empty.

Dungeon Overview and Level Annotations

Branches:
Dungeon (2/15)

Altars:
Elyvilon


Innate Abilities, Weirdness & Mutations

Your plain brown scales are hard. (AC +5)
You cannot fit into any form of body armour.
You are cold-blooded and may be slowed by cold attacks.


Message History

You hit the goblin.
Your tail-slap misses the goblin.
The goblin is heavily wounded.
You feel sick.
You take 1 damage, and have 10/30 hp.
You hit the goblin.
You kill the goblin!
The worm completely misses you.
You see here a dagger.
You hit the worm but do no damage. You hit the worm.
The worm is lightly wounded.
The worm misses you.
You hit the worm. You tail-slap the worm.
The worm is moderately wounded.
You feel sick.
You take 1 damage, and have 9/30 hp.
You hit the worm.
The worm is moderately wounded.
The worm bites you!
You die...

#..###.#### #......#
....##..## ##.###.##
### #......# #..
######.######.#
#........# #..#####.#
#..# #@# #
#..#####w###.###(
#.......S........
#.#..#.#.#.#.#.#.
#......)...........
.........⌠.....⌠....
###.........._.......
##.##...⌠..$..⌠....
## #............r.


You could see a worm and an adder.

Vanquished Creatures
  An adder (D:2)
  2 oozes (D:1)
  A dart slug (D:2)
  7 bats
  2 goblins
  4 hobgoblins (D:1)
  2 jackals (D:1)
  2 kobolds
  2 frilled lizards (D:1)
  3 rats
26 creatures vanquished.

Notes
Turn   | Place    | Note
-------+----------+-------------------------------------------
     0 | D:1      | namelastname112 the Draconian Assassin began the quest for
                  | the Orb.
     0 | D:1      | Reached XP level 1. HP: 17/17 MP: 1/1
    24 | D:1      | Reached skill level 1 in Dodging
   273 | D:1      | Reached XP level 2. HP: 23/25 MP: 2/2
   652 | D:2      | Reached XP level 3. HP: 30/30 MP: 3/3
   834 | D:2      | Found a white marble altar of Elyvilon.
   872 | D:2      | Slain by a worm

Vault maps used:
D:1:      lemuel_arrival_lava_pool
D:2:      elyvilon_altar_5, nemelex_dance_club_becter, uniq_jessica

Skill      XL: |  1 |
---------------+----+-----
Dodging        | 1 |  1.5
Fighting       | |  2.6
Short Blades   | |  2.8
Throwing       | |  1.7
Stealth        | |  3.9

Action                   || total
-------------------------++-------
Melee: Dagger            ||    87
       Tailslap          ||     7
  Use: Scroll            ||     3
 Stab: Sleeping          ||     3
Armor: Skin              ||    34
Dodge: Dodged            ||    55

Table legend:
 A = Non-vault XP
 B = Vault XP
 C = Vault XP percentage of total XP
 D = Non-vault monster count
 E = Vault monster count
 F = Vault count percentage of total count
                 A         B        C        D         E       F
            +---------+---------+-------+---------+---------+-------
      Total |      65 |       0 |   0.0 |      26 |       0 |   0.0
            +---------+---------+-------+---------+---------+-------
        D:1 |      39 |       0 |   0.0 |      17 |       0 |   0.0
        D:2 |      26 |       0 |   0.0 |       9 |       0 |   0.0
            +---------+---------+-------+---------+---------+-------
